 Dungeon Crawl Stone Soup version 0.25.1-9-gc5326a611f (webtiles) character file.

Game seed: 6039855139321211028

411 funkygono the Cudgeler (level 6, -12/55 HPs)
             Began as a Minotaur Abyssal Knight on Dec 31, 2020.
             Was a Priest of Lugonu.
             Mangled by an ogre
             ... wielding a +0 giant club
              (26 damage)
             ... on level 4 of the Dungeon.
             The game lasted 00:06:56 (3708 turns).

funkygono the Cudgeler (Minotaur Abyssal Knight)    Turns: 3708, Time: 00:06:57

Health: -12/55     AC: 10    Str: 18    XL:     6   Next: 58%
Magic:  6/6        EV:  8    Int:  9    God:    Lugonu [***...]
Gold:   205        SH:  0    Dex: 10    Spells: 5/5 levels left

rFire    . . .     SeeInvis .   a - +1 mace
rCold    . . .     Gourm    .   (no shield)
rNeg     . . .     Faith    .   l - +1 chain mail
rPois    .         Spirit   .   (helmet restricted)
rElec    .         Reflect  .   (no cloak)
rCorr    .         Harm     .   (no gloves)
MR       .....                  (no boots)
Stlth    ..........             (no amulet)
HPRegen  0.18/turn              (no ring)
MPRegen  0.10/turn              (no ring)

@: no status effects
A: retaliatory headbutt, horns 2
a: Depart the Abyss, Bend Space, Banish, Renounce Religion


You were on level 4 of the Dungeon.
You worshipped Lugonu.
Lugonu was most pleased with you.
You were not hungry.

You visited 1 branch of the dungeon, and saw 4 of its levels.
You visited the Abyss 1 time.

You collected 205 gold pieces.

Inventory:

Hand Weapons
 a - a +1 mace (weapon)
 e - a +0 whip
 k - a +4 hunting sling of freezing
 m - a cursed -3 hunting sling
Missiles
 g - 121 stones (quivered)
 r - 41 sling bullets
Armour
 f - a +0 ring mail
 l - a +1 chain mail (worn)
Wands
 d - a wand of polymorph (7)
Scrolls
 p - a scroll of teleportation
 q - 2 scrolls of remove curse
Potions
 b - 4 potions of curing
 h - 2 potions of haste {unknown}
 i - a potion of mutation {unknown}
 j - a potion of stabbing {unknown}
 n - a potion of magic {unknown}
 o - a potion of cancellation {unknown}
 v - a potion of heal wounds {unknown}
Comestibles
 c - 8 rations


   Skills:
 + Level 4.9 Fighting
 + Level 5.6 Maces & Flails
 + Level 4.7 Armour
 + Level 2.6 Dodging
 + Level 2.3 Invocations


You had 5 spell levels left.
You didn't know any spells.
Your spell library was empty.

Dungeon Overview and Level Annotations

Branches:
Dungeon (4/15)
 Temple: D:4-7

Altars:
Kikubaaqudgha
Qazlal
Xom
Jiyva


Innate Abilities, Weirdness & Mutations

You reflexively headbutt those who attack you in melee.
You have a pair of horns on your head.


Message History

The ogre hits you with a +0 giant club.
The frilled lizard hisses angrily.
You hit the ogre but do no damage.
The ogre is moderately wounded.
You sock the ogre!
The ogre is heavily wounded.
The ogre hits you with a +0 giant club!
You hit the ogre.
The ogre is severely wounded.
The ogre hits you with a +0 giant club!
You hit the ogre.
You headbutt the ogre, but do no damage.
The ogre is severely wounded.
The ogre hits you with a +0 giant club!
* * * LOW HITPOINT WARNING * * *
All of the chunks of flesh in your inventory have rotted away.
You sock the ogre!
The ogre is almost dead.
The ogre hits you with a +0 giant club!!
You die...

.. #.
##.## ...#
#..#
#..####.##
#.Ol......
#@# #†#
..# ####


You could see an ogre and a frilled lizard.

Vanquished Creatures
  Grinder (D:3)
  A crimson imp (D:3)
  An orc priest (D:3)
  A worker ant (D:3)
  4 adders
  An ooze (D:1)
  3 worms
  A dart slug (D:2)
  3 leopard geckos
  3 orcs (D:3)
  A ball python (D:1)
  4 bat zombies (D:2)
  6 giant cockroaches
  7 goblins
  8 hobgoblins
  4 jackals (D:3)
  A quokka (D:2)
  9 bats
  8 frilled lizards
  8 kobolds
  9 rats
  2 rat zombies (D:2)
86 creatures vanquished.

Notes
Turn   | Place    | Note
-------+----------+-------------------------------------------
     0 | Abyss:1  | funkygono the Minotaur Abyssal Knight began the quest for
                  | the Orb.
     0 | Abyss:1  | Reached XP level 1. HP: 19/19 MP: 1/1
    29 | Abyss:1  | Noticed an apocalypse crab
    30 | D:1      | Escaped the Abyss
    91 | D:1      | Reached * piety under Lugonu
   201 | D:1      | Found a viscous altar of Jiyva.
   201 | D:1      | Noticed a jelly
   201 | D:1      | Noticed a jelly
   209 | D:1      | Reached XP level 2. HP: 25/27 MP: 2/2
   822 | D:1      | Reached XP level 3. HP: 18/33 MP: 3/3
  1196 | D:1      | Reached ** piety under Lugonu
  1663 | D:2      | Reached skill level 3 in Maces & Flails
  2022 | D:2      | Reached XP level 4. HP: 41/41 MP: 4/4
  2064 | D:2      | Found a shimmering altar of Xom.
  2183 | D:2      | Found a stormy altar of Qazlal.
  2185 | D:2      | Noticed a fire elemental
  2186 | D:2      | Noticed an air elemental
  2186 | D:2      | Noticed an earth elemental
  2186 | D:2      | Noticed a water elemental
  2424 | D:2      | Found an ancient bone altar of Kikubaaqudgha.
  2736 | D:3      | Reached XP level 5. HP: 37/47 MP: 5/5
  2944 | D:3      | Reached skill level 4 in Maces & Flails
  3193 | D:3      | Noticed Grinder
  3195 | D:3      | Paralysed by Grinder for 2 turns
  3207 | D:3      | Killed Grinder
  3207 | D:3      | Reached skill level 5 in Maces & Flails
  3207 | D:3      | Reached XP level 6. HP: 44/55 MP: 6/6
  3287 | D:3      | Reached *** piety under Lugonu
  3708 | D:4      | Mangled by an ogre

Illustrated notes

Levels and vault maps discovered:
D:1:      erik_arrival_cave_to_civilisation [erik_arrival_cave_to_temple],
          layout_basic, grunt_decor_mini_mirrors
D:2:      layout_loops_ring, nicolae_qazlal_style_of_elements,
          lemuel_zombie_altar_kikubaaqudgha, brannock_xom_greatest_gift,
          first_ration
D:3:      layout_basic, uniq_grinder
D:4:      layout_loops_ring, elyvilon_altar_3, serial_shops, shop

Skill      XL: |  1  2  3  4  5 |
---------------+----------------+-----
Fighting       | 4 |  4.9
Armour         | 3 4 |  4.7
Maces & Flails | 3 5 |  5.6
Dodging        | 2 |  2.6
Invocations    | 2 |  2.3

Action                   |  1- 3 |  4- 6 || total
-------------------------+-------+-------++-------
Melee: Mace              |     5 |   108 ||   113
       Whip              |   104 |    24 ||   128
       Headbutt          |    12 |    27 ||    39
Invok: Depart the Abyss  |     1 |       ||     1
       Bend Space        |     5 |     2 ||     7
  Use: Scroll            |     2 |     5 ||     7
  Eat: Chunk             |     3 |     6 ||     9
Armor: Leather armour    |     3 |       ||     3
       Ring mail         |    33 |       ||    33
       Chain mail        |    30 |   102 ||   132
Dodge: Dodged            |    74 |    71 ||   145
